 Dungeon Crawl Stone Soup version 0.31.0-12-g77e489cdc1 (webtiles) character file.

Game seed: 12955578417989944059

2308 firemarshallily the Covert (level 9, -4/62 HPs)
             Began as an Octopode Gladiator on Feb 27, 2024.
             Was a Follower of Dithmenos.
             Slain by a gnoll sergeant
             ... wielding a +0 trident
              (9 damage)
             ... on level 6 of the Dungeon.
             The game lasted 00:17:06 (6018 turns).

firemarshallily the Covert (Octopode Gladiator)     Turns: 6018, Time: 00:17:07

Health: -4/62      AC:  1    Str: 13    XL:     9   Next: 41%
Magic:  9/9        EV: 14    Int: 11    God:    Dithmenos [*.....]
Gold:   885        SH:  0    Dex: 17    Spells: 8/8 levels left

rFire   + . .        B - +1 dagger (drain)
rCold   . . .        (no shield)
rNeg    . . .        b - +0 hat
rPois   +            (no amulet)
rElec   .            y - ring of resist corrosion
rCorr   +            E - ring of protection from fire
SInv    .            (no ring)
Will    +....        (no ring)
Stlth   ++++++       (no ring)
HPRegen 1.10/turn    (no ring)
MPRegen 0.11/turn    (no ring)
                     (no ring)

%: no passive effects
@: enlightened, flying, hasted, wreathed by umbra, very quick
A: almost no armour, amphibious, 8 rings, camouflage 1, gelatinous body 1,
(nimble swimmer 1), tentacles, poison resistance, regeneration 1, teleportitis
1, wild magic 1
a: Renounce Religion


You were on level 6 of the Dungeon.
You worshipped Dithmenos.
Dithmenos was aware of your devotion.
You visited 2 branches of the dungeon, and saw 7 of its levels.

You collected 1285 gold pieces.
You spent 400 gold pieces at shops.

Inventory:

Hand Weapons
 a - a +0 rapier
 j - a +1 short sword of draining
 w - a +0 dagger of electrocution
 B - a +1 dagger of draining (weapon)
Missiles
 c - 4 throwing nets
 d - a javelin
 p - 7 boomerangs (quivered)
Armour
 b - a +0 hat (worn)
Jewellery
 y - a ring of resist corrosion (left tentacle)
 A - a ring of fire
 E - a ring of protection from fire (right tentacle)
Wands
 t - a wand of flame (17)
 v - a wand of roots (14)
Scrolls
 f - a scroll of acquirement
 g - 4 scrolls of fear
 h - 3 scrolls of poison
 i - a scroll of teleportation
 k - 3 scrolls of amnesia
 l - a scroll of enchant armour {unknown}
 q - a scroll of vulnerability {unknown}
 r - 2 scrolls of torment {unknown}
 s - a scroll of noise {unknown}
 z - a scroll of enchant weapon {unknown}
 C - a scroll of fog
 D - a scroll of summoning
Potions
 m - a potion of mutation
 n - 2 potions of lignification {unknown}
 o - a potion of might {unknown}
 u - a potion of enlightenment


   Skills:
 + Level 6.1 Fighting
 * Level 8.9 Short Blades
 - Level 2.0 Throwing
 - Level 3.2 Dodging
 + Level 9.6 Stealth


You had 8 spell levels left.
You didn't know any spells.
Your spell library contained the following spells:

 Spells                   Type           Power      Damage    Failure   Level
 Magic Dart               Conj           0%         1d3       43%         1
 Necrotise                Necr           0%         1d4       43%         1
 Blink                    Tloc           0%         N/A       56%         2
 Call Imp                 Summ           0%         N/A       56%         2
 Vampiric Draining        Necr           0%         2d6       78%         3
 Martyr's Knell           Necr/Summ      0%         N/A       99%         4
 Curse of Agony           Necr           0%         N/A       100%        5


Dungeon Overview and Level Annotations

Branches:
Dungeon (6/15)             Temple (1/1) D:4

Altars:
Ashenzari
Dithmenos
Elyvilon
Fedhas
Gozag
Hepliaklqana
Makhleb
Nemelex Xobeh
Okawaru
Ru
Wu Jian
Xom
Zin
The Shining One

Shops:
D:3 (   D:4 (


Innate Abilities, Weirdness & Mutations

You cannot wear most types of armour.
You are amphibious.
You can wear up to eight rings at the same time.
Your skin changes colour to match your surroundings (Stealth+).
Your rubbery body absorbs attacks. (AC +1, EV +1)
((You are camouflaged when in or above water. (Stealth+)))
You have tentacles for arms and can constrict up to eight enemies at once.
Your system is resistant to poisons. (rPois)
Your natural rate of healing is unusually fast.
You are occasionally teleported next to monsters.
Your spells are a little harder to cast, but a little more powerful.


Message History

The gnoll sergeant blocks the atropa-tipped dart.
Unknown command.
The gnoll sergeant hits you with a +0 trident!
There is an open gate here.
You hit the gnoll sergeant. You grab the gnoll sergeant.
You squeeze the gnoll sergeant, but do no damage.
The gnoll sergeant is lightly wounded.
You constrict the gnoll sergeant, but do no damage.
The gnoll sergeant hits you with a +0 trident.
The kobold misses you. The gnoll sergeant blocks your attack.
The gnoll sergeant is lightly wounded.
You constrict the gnoll sergeant, but do no damage.
The gnoll sergeant closely misses you. The kobold barely misses you.
The hound barks!
You hit the gnoll sergeant but do no damage.
You squeeze the gnoll sergeant, but do no damage.
The gnoll sergeant is lightly wounded.
You constrict the gnoll sergeant, but do no damage.
You hit the gnoll sergeant but do no damage.
You squeeze the gnoll sergeant.
The gnoll sergeant is lightly wounded.
You constrict the gnoll sergeant.
The gnoll sergeant hits you with a +0 trident!
* * * LOW HITPOINT WARNING * * *
The kobold misses you.
You feel yourself speed up.
You constrict the gnoll sergeant, but do no damage.
The gnoll sergeant hits you with a +0 trident!
* * * LOW HITPOINT WARNING * * *
The kobold closely misses you.
It was a potion of enlightenment.
You feel very buoyant.
You fly up into the air.
You constrict the gnoll sergeant.
It was a potion of mutation.
You feel extremely strange.
You begin to heal more quickly.
You feel less in control of your magic.
You feel weirdly uncertain.
You feel resistant to poisons.
You constrict the gnoll sergeant, but do no damage.
The gnoll sergeant hits you with a +0 trident!
You die...

?gg#.........#.###..
g.g#.....#.....# #..
g.#PPPP..#...## ##.
..#♣P♣...#....####.
♣♣.P.......>.#..
♣.♣..#..........
#♣$)†.##.......##
######.)........##..#.
#.!hg@........)###....
#..>K'................
..'....'..........#.#...
''######♣.....##..###...
. P....###... #...
P♣...# ...... P P.##
#..... ..# ######


You could see a gnoll sergeant, a hound and a kobold.

Vanquished Creatures
  Grinder (D:3)
  A steam dragon (D:6)
  An ice beast (D:6)
  A sky beast (D:6)
  3 ogres
  4 centaurs
  A kobold brigand (D:6)
  A bullfrog (D:6)
  2 scorpions (D:5)
  A howler monkey (D:6)
  A jelly (D:5)
  2 gnoll boudas (D:6)
  6 orc priests
  5 hounds
  2 sleepcaps
  4 iguanas
  6 orc wizards
  8 gnolls
  5 adders
  A white imp (D:6)
  2 dart slugs (D:1)
  A ribbon worm (D:4)
  22 orcs
  5 bats
  4 endoplasms
  4 giant cockroaches
  9 goblins
  4 hobgoblins
  3 jackals (D:4)
  6 quokkas
  2 ball pythons
  3 frilled lizards
  14 kobolds
  6 rats
141 creatures vanquished.

Vanquished Creatures (others)
  An orc wizard (D:5)
1 creature vanquished.

Grand Total: 142 creatures vanquished

Notes
Turn   | Place    | Note
-------+----------+-------------------------------------------
     0 | D:1      | firemarshallily the Octopode Gladiator began the quest for
                  | the Orb.
     0 | D:1      | Reached XP level 1. HP: 14/14 MP: 1/1
    67 | D:1      | Reached skill level 1 in Stealth
   103 | D:1      | Reached XP level 2. HP: 19/19 MP: 2/2
   289 | D:1      | Reached skill level 2 in Stealth
   327 | D:1      | Reached XP level 3. HP: 24/24 MP: 3/3
   624 | D:2      | Reached skill level 3 in Stealth
   624 | D:2      | Reached XP level 4. HP: 30/30 MP: 4/4
  1592 | D:3      | Found an ornate altar of the Wu Jian Council.
  1700 | D:3      | Found Sitogyph's Weapon Boutique.
  1722 | D:3      | Noticed Grinder
  1727 | D:3      | Paralysed by Grinder for 3 turns
  1739 | D:3      | Killed Grinder
  1740 | D:3      | Reached skill level 5 in Stealth
  1740 | D:3      | Reached XP level 5. HP: 16/36 MP: 5/5
  1740 | D:3      | Reached XP level 6. HP: 18/42 MP: 6/6
  1867 | D:3      | Found a sacrificial altar of Ru.
  2280 | D:4      | Found Zyteqo Oddi's Weapon Boutique.
  2303 | D:4      | Reached skill level 5 in Short Blades
  2474 | D:4      | Bought 2 atropa-tipped darts for 21 gold pieces
  2596 | D:4      | Found a broken altar of Ashenzari.
  2767 | D:4      | HP: 2/42 [centaur/arrow (9)]
  2778 | D:4      | HP: 2/42 [centaur/arrow (7)]
  2794 | D:4      | Reached skill level 6 in Stealth
  2794 | D:4      | Reached XP level 7. HP: 19/46 MP: 7/7
  3022 | D:4      | Found a white marble altar of Elyvilon.
  3022 | D:4      | Found a glowing silver altar of Zin.
  3023 | D:4      | Found a glowing golden altar of the Shining One.
  3099 | D:4      | Found a staircase to the Ecumenical Temple.
  3118 | Temple   | Entered the Ecumenical Temple
  3127 | Temple   | Became a worshipper of Dithmenos the Shadowed
  3308 | D:5      | Entered Level 5 of the Dungeon
  3562 | D:5      | Reached skill level 7 in Stealth
  3967 | D:5      | Reached XP level 8. HP: 54/54 MP: 8/8
  4136 | D:5      | Found Vezu's Magic Scroll Emporium.
  4144 | D:5      | Bought a scroll of amnesia for 44 gold pieces
  4144 | D:5      | Bought a scroll of poison for 44 gold pieces
  4144 | D:5      | Bought a scroll of teleportation for 33 gold pieces
  4144 | D:5      | Bought a scroll of fog for 44 gold pieces
  4144 | D:5      | Bought a scroll of identify for 22 gold pieces
  4145 | D:5      | Identified 2 scrolls of acquirement
  4146 | D:5      | Acquired 1005 gold pieces
  4149 | D:5      | Bought a scroll of fear for 44 gold pieces
  4149 | D:5      | Bought a scroll of summoning for 104 gold pieces
  4149 | D:5      | Bought a scroll of fear for 44 gold pieces
  4605 | D:5      | Reached skill level 8 in Stealth
  4656 | D:6      | Found a hazy altar of Hepliaklqana.
  4669 | D:6      | Reached skill level 5 in Fighting
  5211 | D:6      | Reached XP level 9. HP: 46/61 MP: 9/9
  5221 | D:6      | Reached * piety under Dithmenos
  5222 | D:6      | Reached skill level 9 in Stealth
  6018 | D:6      | Gained mutation: Your natural rate of healing is unusually
                  | fast. [potion of mutation]
  6018 | D:6      | Gained mutation: Your spells are a little harder to cast,
                  | but a little more powerful. [potion of mutation]
  6018 | D:6      | Gained mutation: You are occasionally teleported next to
                  | monsters. [potion of mutation]
  6018 | D:6      | Gained mutation: Your system is resistant to poisons.
                  | (rPois) [potion of mutation]
  6018 | D:6      | Slain by a gnoll sergeant

Illustrated notes

Levels and vault maps discovered:
D:1:      psy_arrival_dodecagon, layout_rooms, minmay_misc_feat_tiny
D:2:      layout_loops_corners
D:3:      layout_rooms, mainiacjoe_overflow_catch_the_wave, serial_shops, shop,
          grunt_decor_mini_mirrors, minmay_tree_intersection,
          hangedman_decor_slide_cut, dk_noncrumbling_2, uniq_grinder
D:4:      layout_loops_ring, good_gods_temple_1, nicolae_ashenzari_panopticon,
          minmay_temple_entry_junction, serial_shops,
          nicolae_shop_bloodbath_and_beyond
D:5:      layout_basic, serial_rivers, chequers_serial_rivers_large_b,
          chequers_serial_rivers_micro_c, chequers_serial_rivers_room_a,
          chequers_serial_rivers_large_a, chequers_serial_rivers_small_3,
          chequers_serial_rivers_room_a, serial_shops, shop
D:6:      kennysheep_housing_project, layout_cave_pools,
          nicolae_hepliaklqana_hazy_memory
Temple:   nicolae_temple_little_seven

Skill      XL: |  1  2  3  4  5  6  7  8  9 |
---------------+----------------------------+-----
Stealth        | 1 2 3 5 6 7 8 9 |  9.6
Fighting       | 3 4 5 6 |  6.1
Short Blades   | 4 5 6 8 |  8.9
Throwing       | |  2.0
Dodging        | |  3.2

Action                     |  1- 3 |  4- 6 |  7- 9 || total
---------------------------+-------+-------+-------++-------
  Melee: Rapier            |    16 |       |       ||    16
         Constrict         |    14 |    28 |    48 ||    90
         Tentacles         |    11 |    24 |    69 ||   104
         Dagger            |    32 |   103 |   241 ||   376
         Punch             |     1 |     2 |     5 ||     8
  Throw: Throwing net      |       |     1 |       ||     1
         Boomerang         |       |     1 |    13 ||    14
         Dart              |       |       |     7 ||     7
    Use: Potion            |       |     4 |     5 ||     9
         Scroll            |       |       |     2 ||     2
   Stab: Sleeping          |     6 |     8 |     6 ||    20
         Distracted        |     1 |     1 |     1 ||     3
         Held in net/web   |       |     2 |       ||     2
         Invisible         |       |       |     1 ||     1
 Armour: Skin              |    14 |    44 |    97 ||   155
  Dodge: Dodged            |    24 |    53 |   113 ||   190
